Map: Abyssal Reef LE

Players

Stephano - Winner!

  • Race: Zerg Zerg
  • Spawn Location: 11:00

ZhuGeLiang

  • Race: Zerg Zerg
  • Spawn Location: 5:00

Event: WCS Valencia 2017

VOD

Have the link to the VOD?

Description

Time

  • Played on: July 13, 2017, 7:08 a.m.
  • Length: 4:54

All games in this series

Show
View Real Time Build Order
Export as new Build Order

Stephano Zerg - Winner!

Build Orders: Hatch First, Zergling Baneling 

Get SALT Encoding   

  12  0:00  Drone  
  13  0:12  Overlord  
  13  0:18  Drone  
  14  0:31  Drone x2  
  16  0:50  Hatchery  
  16  0:52  Drone  
  16  0:56  Drone  
  17  0:59  Drone  
  18  1:13  Extractor  
  18  1:15  Spawning Pool  
  18  1:18  Drone  
  17  1:21  Drone  
  18  1:29  Drone  
  19  1:48  Overlord  
  19  2:01  Queen  
  19  2:02  Queen, Zergling x6  
  26  2:11  Drone  
  26  2:13  Drone  
  28  2:22  Baneling Nest  
  27  2:24  Zergling x4  
  29  2:35  Zergling x4  
  31  2:44  Zergling x2  
  31  2:55  Zergling x4  
  28  2:59  Zergling x2  
  28  3:05  Queen  
  26  3:06  Zergling x2  
  26  3:07  Baneling x2  
  26  3:09  Zergling x2  
  26  3:12  Zergling x8  
  32  3:13  Baneling  
  32  3:14  Baneling  
  32  3:19  Zergling x4  
  32  3:25  Zergling x2  
  33  3:31  Zergling x4  
  33  3:33  Baneling  
  33  3:38  Zergling x2  
  34  3:45  Zergling x2  
  35  3:51  Baneling x4  
  34  3:56  Zergling x2  
  34  4:01  Overlord  
  34  4:02  Overlord  
  39  4:30  Baneling x3  
  34  4:34  Drone x2  
  34  4:36  Zergling x4  
Show
View Real Time Build Order
Export as new Build Order

ZhuGeLiang Zerg 

Build Orders: Pool Only, Zergling Baneling 

Get SALT Encoding   

  12  0:00  Drone  
  13  0:14  Extractor  
  12  0:24  Spawning Pool  
  11  0:29  Drone  
  11  0:33  Drone  
  13  0:37  Drone  
  14  0:49  Overlord  
  14  1:11  Queen  
  14  1:12  Zergling x2  
  14  1:17  Metabolic Boost  
  17  1:23  Zergling x2  
  18  1:26  Zergling x2  
  18  1:31  Zergling x2  
  20  1:38  Zergling x2  
  21  1:46  Baneling Nest  
  20  1:50  Zergling x2  
  21  1:59  Overlord  
  21  2:07  Zergling x2  
  22  2:20  Zergling x6  
  25  2:23  Zergling x2  
  25  2:29  Baneling x2  
  26  2:36  Zergling x2  
  27  2:45  Zergling x2  
  27  2:54  Zergling x6  
  28  3:00  Zergling x2  
  28  3:07  Baneling  
  28  3:08  Zergling x2  
  28  3:31  Zergling x2  
  28  3:32  Zergling x2  
  22  3:46  Zergling x4  
  24  3:51  Zergling x2  
  24  3:53  Baneling  
  24  3:54  Baneling x3  
  22  4:02  Zergling x2  
  23  4:09  Zergling x2  
  24  4:11  Zergling x2  
  24  4:12  Zergling x4  
  26  4:17  Baneling  
  26  4:18  Baneling x2  
  26  4:23  Zergling x2  
  24  4:33  Zergling x2  
Tags
 
Add a new tag
Caveats
  • Supply blocks, unpowered buildings, or Contaminate may cause inaccurate times.
  • Supply counts are checked every 10 seconds.